 Dungeon Crawl Stone Soup version 0.22.1-2-g9c5b331383 (webtiles) character file.

592 Knicklaso the Skirmisher (level 7, -2/61 HPs)
             Began as a Human Artificer on Dec 6, 2018.
             Slain by Grinder (10 damage)
             ... while paralysed by Grinder
             ... on level 4 of the Dungeon.
             The game lasted 00:16:33 (4518 turns).

Knicklaso the Skirmisher (Human Artificer)          Turns: 4518, Time: 00:16:34

Health: -2/61      AC:  8    Str: 13    XL:     7   Next: 66%
Magic:  9/9        EV:  2    Int: 13    God:
Gold:   61         SH:  0    Dex: 13    Spells: 6/6 levels left

rFire    + . .     SeeInvis .   b - +0 hunting sling
rCold    + . .     Gourm    .   (no shield)
rNeg     . . .     Faith    .   q - +1 animal skin
rPois    +         Spirit   .   l - +0 helmet
rElec    +         Reflect  .   p - +2 cloak
rCorr    +         Harm     .   h - +0 pair of gloves
MR       .....                  (no boots)
Stlth    ++........             (no amulet)
HPRegen  0.20/turn              (no ring)
MPRegen  0.11/turn              (no ring)

@: paralysed, resistant
A: no striking features
a: no special abilities


You were on level 4 of the Dungeon.
You were not hungry.

You visited 1 branch of the dungeon, and saw 4 of its levels.

You collected 61 gold pieces.

Inventory:

Hand Weapons
 a - a +0 short sword
 b - a +0 hunting sling (weapon)
Missiles
 i - 26 stones (quivered)
Armour
 h - a +0 pair of gloves (worn)
 l - a +0 helmet (worn)
 m - a +0 ring mail
 o - a +0 shield
 p - a +2 cloak (worn)
 q - a +1 animal skin (worn)
Jewellery
 k - an uncursed amulet of rage {unknown}
 s - an uncursed ring of protection from fire {unknown}
 u - an uncursed ring of stealth {unknown}
Wands
 c - a wand of flame (5)
 d - a wand of enslavement (10)
 e - a wand of random effects (10)
Scrolls
 g - 2 scrolls of identify {unknown}
 j - 2 scrolls of enchant weapon {unknown}
 t - a scroll of magic mapping {unknown}
 w - a scroll of enchant armour {unknown}
Potions
 n - a potion of degeneration {unknown}
 r - 2 potions of curing {unknown}
 x - a potion of haste {unknown}
Comestibles
 f - 8 rations
 z - a chunk of flesh


   Skills:
 + Level 7.7 Fighting
 - Level 1.0 Short Blades
 - Level 2.0 Dodging
 - Level 1.0 Stealth
 - Level 3.0 Evocations


You had 6 spell levels left.
You didn't know any spells.
Your spell library was empty.

Dungeon Overview and Level Annotations

Branches:
Dungeon (4/15)             Temple (0/1) D:4

Altars:

Annotations:
D:3 exclusion: 2 downstairs
D:4 exclusion: 2 upstairs, Grinder


Message History

The puff of frost misses Grinder.
Grinder hits you.
You writhe in agony.
* * * LOW HITPOINT WARNING * * *
Evoke which item? (* to show all) (? for menu, Esc to quit)
Aiming: Random Effects
Press: ? - help, Shift-Dir - straight line, f/p - Grinder
Aim: Grinder (heavily wounded) Grinder flickers and vanishes!
Deactivating autopickup; reactivate with Ctrl-A.
Something hits you.
* * * LOW HITPOINT WARNING * * *
Okay, then.
You feel protected. Something hits you.
* * * LOW HITPOINT WARNING * * *
You writhe in agony.
* * * LOW HITPOINT WARNING * * *
Something tries to affect you, but you resist.
You suddenly lose the ability to move!
Something hits you!
You die...

# #.###
....### #...#
### #.#####
...
#...@.#####.#
#####..<#...#
###.h.# ###(#
#(# (.( ....(
......(
#.?...((>$ .>


You could see a jackal (wandering).

Vanquished Creatures
  An ogre (D:3)
  2 phantoms (D:4)
  A howler monkey (D:4)
  2 bullfrog skeletons
  A worker ant (D:4)
  3 gnolls (D:3)
  5 adders
  An ooze (D:3)
  3 worms
  5 dart slugs
  2 leopard geckos (D:1)
  3 orcs (D:3)
  A giant cockroach (D:3)
  12 goblins
  10 hobgoblins
  8 jackals
  A quokka (D:3)
  3 ball pythons
  3 bats
  3 frilled lizards (D:3)
  9 kobolds
  6 rats
85 creatures vanquished.

Vanquished Creatures (collateral kills)
  A centaur (D:3)
  Robin (D:2)
  A bat (D:3)
3 creatures vanquished.

Vanquished Creatures (others)
  An adder (D:4)
  A goblin (D:2)
  A hobgoblin (D:2)
3 creatures vanquished.

Grand Total: 91 creatures vanquished

Notes
Turn   | Place    | Note
-------+----------+-------------------------------------------
     0 | D:1      | Knicklaso the Human Artificer began the quest for the Orb.
     0 | D:1      | Reached XP level 1. HP: 15/15 MP: 3/3
    73 | D:1      | Reached XP level 2. HP: 17/22 MP: 4/4
    75 | D:1      | Reached skill level 2 in Fighting
   558 | D:1      | Reached XP level 3. HP: 28/28 MP: 5/5
  1012 | D:1      | Reached skill level 3 in Fighting
  1409 | D:2      | Reached XP level 4. HP: 29/35 MP: 6/6
  1925 | D:2      | Noticed Robin
  1974 | D:2      | Killed Robin
  1974 | D:2      | Reached skill level 4 in Fighting
  2601 | D:3      | Noticed an ogre
  2605 | D:3      | Noticed a centaur
  2612 | D:3      | Killed a centaur
  2612 | D:3      | Reached XP level 5. HP: 27/43 MP: 7/7
  2642 | D:3      | Killed an ogre
  2642 | D:3      | Reached skill level 5 in Fighting
  2642 | D:3      | Reached XP level 6. HP: 18/52 MP: 8/8
  3021 | D:3      | Reached skill level 6 in Fighting
  3993 | D:4      | Noticed Grinder
  3993 | D:4      | Noticed a phantom
  4021 | D:4      | Found a staircase to the Ecumenical Temple.
  4109 | D:4      | Noticed a phantom
  4149 | D:4      | Killed a phantom
  4149 | D:4      | Reached skill level 7 in Fighting
  4149 | D:4      | Reached XP level 7. HP: 51/60 MP: 9/9
  4516 | D:4      | Paralysed by something for 6 turns
  4518 | D:4      | Slain by Grinder

Skill      XL: |  1  2  3  4  5  6 |
---------------+-------------------+-----
Fighting       | 2 3 4 5 7 |  7.7
Short Blades   | |  1.0
Dodging        | |  2.0
Stealth        | |  1.0
Evocations     | |  3.0

Action                   |  1- 3 |  4- 6 |  7- 9 || total
-------------------------+-------+-------+-------++-------
Melee: Short sword       |   126 |    72 |       ||   198
 Fire: Hunting sling     |       |   213 |    94 ||   307
Throw: Stone             |    40 |    11 |       ||    51
Evoke: Wand              |     4 |    13 |     3 ||    20
  Use: Potion            |       |       |     1 ||     1
  Eat: Chunk             |     2 |     8 |     1 ||    11
Armor: Leather armour    |    37 |       |       ||    37
       Ring mail         |     6 |    26 |       ||    32
       Animal skin       |       |    36 |    17 ||    53
Dodge: Dodged            |    68 |   116 |    33 ||   217
